 Dungeon Crawl Stone Soup version 0.29-a0-323-g050149af67 (webtiles) character file.

Game seed: 10957192857008171388

56 greenreed the Insei (level 3, -3/28 HPs)
             Began as a Gnoll Transmuter on Apr 10, 2022.
             Slain by a gnoll
             ... wielding a +0 spear
              (4 damage)
             ... on level 3 of the Dungeon.
             The game lasted 00:05:09 (2584 turns).

greenreed the Insei (Gnoll Transmuter)              Turns: 2584, Time: 00:05:09

Health: -3/28      AC:  2    Str:  9    XL:     3   Next: 97%
Magic:  18/18      EV: 13    Int: 14    God:
Gold:   98         SH:  0    Dex: 12    Spells: 11/12 levels left

rFire   . . .      SeeInvis .   g - +0 mace
rCold   . . .      Faith    .   (no shield)
rNeg    . . .      Spirit   .   a - +0 robe
rPois   +          Reflect  .   (helmet currently unavailable)
rElec   .          Harm     .   (no cloak)
rCorr   .          Rampage  .   (no gloves)
Will    .....                   (boots currently unavailable)
Stlth   ++........              (no amulet)
HPRegen 0.09/turn               l - ring of poison resistance
MPRegen 0.16/turn               m - ring of magical power

@: appendages (expiring)
A: horns 2, talons 2, fangs 1, strong nose, distributed training
a: End Transformation


You were on level 3 of the Dungeon.
You had temporarily grown beastly horns and talons.
You visited 1 branch of the dungeon, and saw 3 of its levels.

You collected 98 gold pieces.

Inventory:

Hand Weapons
 g - a +0 mace (weapon)
 q - a +2 dagger of holy wrath
Missiles
 u - 6 datura-tipped darts
Armour
 a - a +0 robe (worn)
 i - a +0 helmet (melded)
 s - a +0 pair of boots (melded)
Magical Staves
 t - a staff of earth
Jewellery
 l - a ring of poison resistance (left hand)
 m - a ring of magical power (right hand)
 n - a ring of poison resistance
Scrolls
 e - 2 scrolls of teleportation {unknown}
 f - 2 scrolls of brand weapon {unknown}
 h - a scroll of vulnerability {unknown}
 j - a scroll of holy word {unknown}
 k - a scroll of identify {unknown}
 p - a scroll of immolation {unknown}
 v - a scroll of fog {unknown}
Potions
 b - a potion of lignification
 c - 2 potions of heal wounds {unknown}
 d - 2 potions of brilliance {unknown}
 o - a potion of curing {unknown}
 r - a potion of berserk rage {unknown}


   Skills:
 + Level 2.7 Fighting
 + Level 1.0 Short Blades
 + Level 1.0 Long Blades
 + Level 1.0 Axes
 + Level 1.0 Maces & Flails
 + Level 1.0 Polearms
 + Level 1.0 Staves
 + Level 1.0 Slings
 + Level 1.0 Bows
 + Level 1.0 Crossbows
 + Level 1.0 Throwing
 + Level 1.0 Armour
 + Level 4.6 Dodging
 + Level 1.0 Stealth
 + Level 1.0 Shields
 + Level 6.5 Unarmed Combat
 + Level 5.0 Spellcasting
 + Level 0.7 Conjurations
 + Level 0.7 Hexes
 + Level 0.7 Summonings
 + Level 0.7 Necromancy
 + Level 0.7 Translocations
 + Level 3.8 Transmutations
 + Level 0.7 Fire Magic
 + Level 0.7 Ice Magic
 + Level 0.7 Air Magic
 + Level 0.7 Earth Magic
 + Level 0.7 Poison Magic
 + Level 1.1 Invocations
 + Level 1.0 Evocations


You had 11 spell levels left.
You knew the following spells:

 Your Spells              Type           Power      Damage    Failure   Level
a - Beastly Appendage     Tmut           28%        N/A       3%          1

Your spell library contained the following spells:

 Spells                   Type           Power      Damage    Failure   Level
 Wereblood                Tmut           14%        N/A       5%          2
 Spider Form              Tmut/Pois      9%         N/A       21%         3
 Ice Form                 Ice/Tmut       9%         N/A       56%         4


Dungeon Overview and Level Annotations

Branches:
Dungeon (3/15)

Altars:


Innate Abilities, Weirdness & Mutations

You have temporarily grown beastly horns and talons.
You have very sharp teeth.
Your uncanny sense of smell can sniff out nearby items.
Your experience applies equally to all skills.


Message History

The gnoll is heavily wounded.
The gnoll misses you.
You hit the gnoll. You claw the gnoll. You headbutt the gnoll.
The gnoll is almost dead.
The gnoll hits you with a +0 club.
The gnoll hits you from afar with a +0 spear.
You hit the gnoll. You claw the gnoll, but do no damage. You bite the gnoll.
You kill the gnoll!
The gnoll barely misses you.
Your Invocations skill increases to level 1!
You hit the gnoll.
The gnoll is almost dead.
The gnoll closely misses you. The gnoll barely misses you.
The gnoll hits you with a +0 whip.
The gnoll hits you from afar with a +0 spear.
You barely miss the gnoll. You claw the gnoll.
You kill the gnoll!
The gnoll completely misses you.
Your Short Blades skill increases to level 1!
Your Long Blades skill increases to level 1!
Your Axes skill increases to level 1!
Your Maces & Flails skill increases to level 1!
Your Polearms skill increases to level 1!
Your Staves skill increases to level 1!
Your Slings skill increases to level 1!
Your Bows skill increases to level 1!
Your Crossbows skill increases to level 1!
Your Throwing skill increases to level 1!
Your Armour skill increases to level 1!
Your Stealth skill increases to level 1!
Your Shields skill increases to level 1!
Your Evocations skill increases to level 1!
The gnoll hits you with a +0 spear!
* * * LOW HITPOINT WARNING * * *
Items here: ( )) ††.
Okay, then.
You hit the gnoll but do no damage. You claw the gnoll.
The gnoll is lightly wounded.
Your transformation is almost over.
The gnoll closely misses you. The gnoll hits you with a +0 spear.
You die...

######..#.........
#......#.#####.###
#.######.# #.# #
#.# #.# #.# # #.#
... ... #.# ##.
#.# #.# .# #.# #.#
.# #.# #@# ∆ ..#
#...g.# #.##### ∆


You could see a gnoll.

Vanquished Creatures
  2 gnolls (D:3)
  A worm (D:2)
  3 dart slugs (D:1)
  3 bats (D:1)
  An endoplasm (D:1)
  A giant cockroach (D:1)
  5 goblins
  3 hobgoblins (D:1)
  4 ball pythons
  3 frilled lizards
  4 kobolds
  A rat (D:2)
31 creatures vanquished.

Vanquished Creatures (others)
  5 plants (D:1)
5 creatures vanquished.

Grand Total: 36 creatures vanquished

Notes
Turn   | Place    | Note
-------+----------+-------------------------------------------
     0 | D:1      | greenreed the Gnoll Transmuter began the quest for the Orb.
     0 | D:1      | Reached XP level 1. HP: 17/17 MP: 6/6
   444 | D:1      | Reached XP level 2. HP: 17/23 MP: 5/7
  1345 | D:1      | Reached XP level 3. HP: 27/28 MP: 9/9
  1417 | D:1      | Reached skill level 5 in Spellcasting
  1509 | D:1      | Found a faded altar of an unknown god.
  2581 | D:3      | Reached skill level 1 in Invocations
  2583 | D:3      | Reached skill level 1 in Short Blades
  2583 | D:3      | Reached skill level 1 in Long Blades
  2583 | D:3      | Reached skill level 1 in Axes
  2583 | D:3      | Reached skill level 1 in Maces & Flails
  2583 | D:3      | Reached skill level 1 in Polearms
  2583 | D:3      | Reached skill level 1 in Staves
  2583 | D:3      | Reached skill level 1 in Slings
  2583 | D:3      | Reached skill level 1 in Bows
  2583 | D:3      | Reached skill level 1 in Crossbows
  2583 | D:3      | Reached skill level 1 in Throwing
  2583 | D:3      | Reached skill level 1 in Armour
  2583 | D:3      | Reached skill level 1 in Stealth
  2583 | D:3      | Reached skill level 1 in Shields
  2583 | D:3      | Reached skill level 1 in Evocations
  2583 | D:3      | HP: 1/28 [gnoll/+0 spear (8)]
  2584 | D:3      | Slain by a gnoll

Illustrated notes

Levels and vault maps discovered:
D:1:      denvon_arrival_planthouse, layout_basic, serial_forest,
          infiniplex_forest_diagonal, infiniplex_forest_straight_2,
          infiniplex_forest_straight_3, infiniplex_forest_lined_room_,
          infiniplex_forest_lined_ring, infiniplex_forest_3_way,
          infiniplex_forest_lined_2, chequers_ecumenical_altar_island
D:2:      layout_rooms, serial_forest, infiniplex_forest_clump_medium,
          infiniplex_forest_pool, infiniplex_forest_straight_4,
          infiniplex_forest_3_way, infiniplex_forest_lined_ring
D:3:      layout_loops_ring, trog_three_pillars_becter

Skill      XL: |  1  2  3 |
---------------+----------+-----
Spellcasting   | 5 |  5.0
Invocations    | 1 |  1.1
Short Blades   | 1 |  1.0
Long Blades    | 1 |  1.0
Axes           | 1 |  1.0
Maces & Flails | 1 |  1.0
Polearms       | 1 |  1.0
Staves         | 1 |  1.0
Slings         | 1 |  1.0
Bows           | 1 |  1.0
Crossbows      | 1 |  1.0
Throwing       | 1 |  1.0
Armour         | 1 |  1.0
Stealth        | 1 |  1.0
Shields        | 1 |  1.0
Evocations     | 1 |  1.0
Fighting       | |  2.7
Dodging        | |  4.6
Unarmed Combat | |  6.5
Conjurations   | |  0.7
Hexes          | |  0.7
Summonings     | |  0.7
Necromancy     | |  0.7
Translocations | |  0.7
Transmutations | |  3.8
Fire Magic     | |  0.7
Ice Magic      | |  0.7
Air Magic      | |  0.7
Earth Magic    | |  0.7
Poison Magic   | |  0.7

Action                   || total
-------------------------++-------
Melee: Mace              ||    81
       Unarmed           ||     4
       Kick              ||    14
       Headbutt          ||     8
       Bite              ||     6
       Punch             ||     3
 Cast: Beastly Appendage ||    18
 Stab: Sleeping          ||     1
Armor: Robe              ||    14
Dodge: Dodged            ||    71

Table legend: (Time is in decaauts)
 A = Elapsed time spent in this place.
 B = Non-inter-level travel time spent in this place.
 C = Inter-level travel time spent in this place.
 D = Time resting spent in this place.
 E = Time spent auto-exploring this place.
 F = Levels seen in this place.
 G = Mean time per level.
                   A        B        C        D        E       F      G
               +--------+--------+--------+--------+--------+-----+--------+
         Total |   2620 |   2526 |     94 |      0 |   2196 |   3 |  873.3 |
       Dungeon |   2620 |   2526 |     94 |      0 |   2196 |   3 |  873.3 |
               +--------+--------+--------+--------+--------+-----+--------+

Top non-repeatable levels by time:
     D:1: 1702 daAuts
     D:2: 716 daAuts
     D:3: 201 daAuts
